 Dungeon Crawl Stone Soup version 0.20-a0-672-gd6c3c51 (webtiles) character file.

47 presbutan the Ducker (level 3, 0/19 HPs)
             Began as a Spriggan Monk on Feb 17, 2017.
             Succumbed to a worker ant's poison
             ... on level 3 of the Dungeon.
             The game lasted 00:04:49 (1655 turns).

presbutan the Ducker (Spriggan Monk)                Turns: 1655, Time: 00:04:50

Health: 0/19       AC:  2    Str:  8    XL:     3   Next: 48%
Magic:  1/4        EV: 21    Int: 11    God:
Gold:   83         SH:  0    Dex: 18    Spells: 2/2 levels left

rFire    . . .     SeeInvis +   a - +1 short sword (speed)
rCold    . . .     Gourm    .   r - +0 robe
rNeg     . . .     Faith    .   (shield restricted)
rPois    .         Spirit   +   (helmet restricted)
rElec    .         Reflect  .   (no cloak)
rCorr    .         Harm     .   (gloves unavailable)
MR       .....                  (boots unavailable)
Stlth    +++.......             o - amulet of guardian spirit
Regen    0.1/turn               (no ring)
MPRegen  0.1/turn               (no ring)

@: lethally poisoned (0 -> -15), hasted, very quick
A: unfitting armour, see invisible, herbivore 3, speed 3, slow metabolism 2
a: no special abilities


You were on level 3 of the Dungeon.
You were not hungry.

You visited 1 branch of the dungeon, and saw 3 of its levels.

You collected 83 gold pieces.

Inventory:

Hand Weapons
 a - a +1 short sword of speed (weapon)
 b - a +0 hunting sling
Missiles
 j - 127 stones (quivered)
Armour
 r - a +0 robe (worn)
Jewellery
 o - an amulet of guardian spirit (around neck)
Scrolls
 g - a scroll of fog {unknown}
 h - a scroll of teleportation {unknown}
 i - 3 scrolls of identify {unknown}
 k - a scroll of remove curse {unknown}
 m - a scroll of magic mapping {unknown}
 n - a scroll of noise {unknown}
 p - a scroll of fear {unknown}
 q - a scroll of enchant weapon {unknown}
Potions
 e - 2 potions of lignification {unknown}
 f - a potion of curing {unknown}
 l - a potion of haste
 s - a potion of brilliance {unknown}
Comestibles
 c - 3 bread rations
 d - a royal jelly


   Skills:
 - Level 2.4 Fighting
 * Level 4.3 Short Blades
 + Level 5.1 Dodging
 + Level 3.7 Stealth


You had 2 spell levels left.
You didn't know any spells.

Dungeon Overview and Level Annotations

Branches:
Dungeon (3/15)

Altars:
Qazlal


Innate Abilities, Weirdness & Mutations

You are very small and have problems with some larger weapons.
You are too small for most types of armour.
You have supernaturally acute eyesight. (SInv)
You are a herbivore.
You cover ground extremely quickly.
You need consume almost no food.


Message History

You hit the worker ant but do no damage.
The worker ant is almost dead.
The worker ant bites you.
You are lethally poisoned!
The worker ant poisons you!
You are too injured to fight recklessly!
You are too injured to fight recklessly!
You hit the worker ant but do no damage.
The worker ant is severely wounded.
You feel sick. The worker ant completely misses you.
You completely miss the worker ant.
The worker ant is severely wounded.
You barely miss the worker ant.
The worker ant is severely wounded.
You feel sick. The worker ant bites you!
* * * LOW HITPOINT WARNING * * *
You are more poisoned.
The worker ant poisons you!
It was a potion of haste.
You feel yourself speed up.
You die...

# #. .### ..#
#.# # #@# #.
#a######S.
####.##g#.......
.!....glK.......
.......<#.#####.
##...#..#.#
#.###..#.$ #
#..#### #..#


You could see a worker ant, 2 goblins, a kobold and a frilled lizard.

Vanquished Creatures
  An adder (D:2)
  An ooze (D:1)
  A dart slug (D:1)
  A leopard gecko (D:2)
  A ball python (D:2)
  3 giant cockroaches (D:1)
  7 goblins
  4 bats
  A frilled lizard (D:1)
  4 kobolds (D:1)
  6 rats
30 creatures vanquished.

Notes
Turn   | Place    | Note
-------+----------+-------------------------------------------
     0 | D:1      | presbutan the Spriggan Monk began the quest for the Orb.
     0 | D:1      | Reached XP level 1. HP: 11/11 MP: 2/2
   151 | D:1      | Reached XP level 2. HP: 10/16 MP: 3/3
   892 | D:2      | Reached XP level 3. HP: 19/19 MP: 4/4
  1062 | D:2      | Reached skill level 5 in Dodging
  1469 | D:2      | Found a stormy altar of Qazlal.
  1655 | D:3      | Succumbed to a worker ant's poison

Vault maps used:
D:1:      nagdon_arrival_zigzag_paths
D:2:      marbit_many_paths
D:3:      grunt_gozag_statues, first_bread

Skill      XL: |  1  2  3 |
---------------+----------+-----
Short Blades   | 4 |  4.3
Dodging        | 5 |  5.1
Fighting       | |  2.4
Stealth        | |  3.7

Action                   || total
-------------------------++-------
Melee: Short sword       ||   112
 Fire: Hunting sling     ||     1
  Use: Potion            ||     1
 Stab: Sleeping          ||    11
Armor: Robe              ||     6
Dodge: Dodged            ||    77
